 Dungeon Crawl Stone Soup version 0.31-a0-702-gf82c85558f (webtiles) character file.

Game seed: 17285295237027597805

278 qw the Shooter (level 6, 0/38 HPs)
             Began as a Gargoyle Hunter on Sept 8, 2023.
             Shot with an arrow by a centaur (8 damage)
             ... on level 4 of the Dungeon.
             The game lasted 00:01:09 (2168 turns).

qw the Shooter (Gargoyle Hunter)                    Turns: 2168, Time: 00:01:09

Health: 0/38       AC: 10    Str: 15    XL:     6   Next: 26%
Magic:  6/6        EV: 11    Int:  9    God:
Gold:   207        SH:  0    Dex: 15    Spells: 5/5 levels left

rFire   . . .        Y - +1 shortbow
rCold   . . .        (shield currently unavailable)
rNeg    + . .        a - +0 ring mail
rPois   inf          (no helmet)
rElec   +            (no cloak)
rCorr   .            (no gloves)
SInv    .            d - +0 pair of boots
Will    .....        (no amulet)
Stlth   +            (no ring)
HPRegen 0.26/turn    (no ring)
MPRegen 0.10/turn

%: no passive effects
@: about to teleport
A: sickness immunity, AC +4, negative energy resistance 1, electricity
resistance, torment resistance 1, petrification resistance
a: no special abilities


You were on level 4 of the Dungeon.
You visited 1 branch of the dungeon, and saw 4 of its levels.

You collected 207 gold pieces.


Innate Abilities, Weirdness & Mutations

You are immune to sickness and miasma.
Your stone body is resilient. (AC +4)
You are immune to poison.
You resist negative energy. (rN+)
You are resistant to electric shocks. (rElec)
You are resistant to unholy torment.
You are immune to petrification.


   Skills:
 - Level 4.0 Fighting
 + Level 6.4 Ranged Weapons
 - Level 1.6 Armour
 - Level 1.5 Dodging
 - Level 1.1 Stealth


You had 5 spell levels left.
You didn't know any spells.
Your spell library was empty.

Inventory:

Hand Weapons
 Y - a +1 shortbow (weapon)
Armour
 a - a +0 ring mail (worn)
 d - a +0 pair of boots (worn)
Scrolls
 c - a scroll of teleportation
 k - a scroll of identify
Potions
 e - a potion of resistance
 f - a potion of curing
 h - a potion of heal wounds {unknown}
 j - a potion of enlightenment {unknown}

Dungeon Overview and Level Annotations

Branches:
Dungeon (4/15)
 Temple: D:4-7

Altars:
Sif Muna

Shops:
D:2 (


Message History

Done exploring.
2071 ||| READING scroll labelled HAEZICZOOGO.
As you read the scroll labelled HAEZICZOOGO, it crumbles to dust.
You hear a loud clanging noise!
It was a scroll of noise.
Done exploring.
2072 ||| READING scroll labelled XORAEM LY CINTO.
As you read the scroll labelled XORAEM LY CINTO, it crumbles to dust.
It is a scroll of enchant armour.
Done exploring.
What level of the Dungeon? (default 3, ? - help)
You see here a bat corpse.
There is a stone staircase leading down here.
You climb downwards.
There is a stone staircase leading up here.
Waypoint 3 assigned to D:4.
Found a leather armour.
A centaur comes into view.
The centaur shouts!
The centaur wields a +0 orcbow.
The centaur shoots an arrow.
The arrow hits you!
You see here a +0 leather armour.
You shoot an arrow. The arrow hits the centaur.
The centaur is lightly wounded.
The centaur shoots an arrow.
The arrow hits you.
The centaur shoots an arrow.
The arrow hits you!
You shoot an arrow. The arrow hits the centaur.
The centaur is moderately wounded.
The centaur shoots an arrow.
The arrow closely misses you.
The centaur shoots an arrow.
The arrow hits you!
You shoot an arrow. The arrow hits the centaur.
The centaur is moderately wounded.
The centaur shoots an arrow.
The arrow hits you.
2167 ||| READING 2 scrolls of teleportation.
As you read the scroll of teleportation, it crumbles to dust.
You feel strangely unstable.
The centaur shoots an arrow.
The arrow barely misses you.
You shoot an arrow. The arrow hits the centaur.
The centaur is heavily wounded.
The centaur shoots an arrow.
The arrow hits you!
You die...

#.#######.#####
#.............#
#######.#####.#
#.# #.# #.# #.#
#.# #.# #.# #.#
.#####.#####.#
#......@.....#
.#####.#######
#c #. #. .. ##


You could see a centaur.

Vanquished Creatures
  A vampire bat (D:3)
  Terence (D:3)
  4 adders (D:2)
  2 worms (D:2)
  3 dart slugs
  3 fire bats (D:3)
  2 spectral bats (D:3)
  3 bat skeletons (D:3)
  A bat zombie (D:3)
  4 endoplasms
  7 giant cockroaches
  7 goblins
  10 hobgoblins
  3 jackals
  2 quokkas (D:2)
  8 ball pythons
  19 bats
  A bat simulacrum (D:3)
  A frilled lizard (D:1)
  9 kobolds
  2 rats
93 creatures vanquished.

Notes
Turn   | Place    | Note
-------+----------+-------------------------------------------
     0 | D:1      | qw the Gargoyle Hunter began the quest for the Orb.
     0 | D:1      | Reached XP level 1. HP: 12/12 MP: 1/1
     0 | D:1      | 0 ||| qw: Version: 0.3-a-76-g4403597
     0 | D:1      | 0 ||| qw: Game counter: 1045
     0 | D:1      | 0 ||| qw: Melee chars always use a shield: true
     0 | D:1      | 0 ||| qw: God list: Okawaru
     0 | D:1      | 0 ||| qw: Allow faded altars: false
     0 | D:1      | 0 ||| qw: Do Orc after clearing Dungeon:15 true
     0 | D:1      | 0 ||| qw: Do second Lair branch before Depths: true
     0 | D:1      | 0 ||| qw: Lair rune preference: random
     0 | D:1      | 0 ||| qw: Goals: Normal
     0 | D:1      | 0 ||| PLANNING D:1-11
    87 | D:1      | Reached XP level 2. HP: 17/17 MP: 2/2
   236 | D:1      | Reached XP level 3. HP: 21/21 MP: 3/3
   243 | D:1      | Reached skill level 5 in Ranged Weapons
   445 | D:1      | 445 ||| UPGRADING to +0 pair of boots.
   450 | D:1      | 450 ||| READING 2 scrolls labelled QEXZEA QICI.
   451 | D:1      | 451 ||| READING scroll labelled FUTHIGGOLO.
   452 | D:1      | 452 ||| READING scroll labelled UCA KIOSESA.
   457 | D:1      | 457 ||| DROPPING scroll of poison.
   458 | D:1      | 458 ||| DROPPING scroll of butterflies.
   556 | D:2      | Found Bigyz's Antique Weapon Boutique.
   565 | D:2      | 565 ||| SHOPLISTING faintly glowing shortbow (184 gold,
                  | have 68).
   659 | D:2      | Reached skill level 3 in Fighting
   743 | D:2      | Reached XP level 4. HP: 23/28 MP: 4/4
  1218 | D:2      | Reached XP level 5. HP: 32/32 MP: 5/5
  1262 | D:2      | 1262 ||| UPGRADING to +0 ring mail.
  1272 | D:2      | 1272 ||| DROPPING +0 leather armour.
  1273 | D:2      | 1273 ||| READING scroll labelled LUSOAK HUFO.
  1274 | D:2      | 1274 ||| READING 2 scrolls labelled PUAROT KIRICSY.
  1275 | D:2      | 1275 ||| DRINKING 2 brown potions.
  1276 | D:2      | 1276 ||| DRINKING 2 smoky sapphire potions.
  1277 | D:2      | 1277 ||| DRINKING 2 inky potions.
  1287 | D:2      | 1287 ||| READING 2 scrolls of identify.
  1287 | D:2      | 1287 ||| IDENTIFYING metallic dark potion
  1288 | D:2      | 1288 ||| DROPPING potion of brilliance.
  1289 | D:2      | 1289 ||| DROPPING potion of ambrosia.
  1290 | D:2      | 1290 ||| DROPPING scroll of vulnerability.
  1418 | D:3      | Found a shimmering blue altar of Sif Muna.
  1585 | D:3      | Noticed Terence
  1601 | D:3      | Killed Terence
  1602 | D:3      | Reached skill level 1 in Armour
  1963 | D:3      | Reached skill level 6 in Ranged Weapons
  2009 | D:3      | Reached XP level 6. HP: 38/38 MP: 6/6
  2009 | D:3      | 2009 ||| Stepping ~*~*~tactically~*~*~ (outnumbered).
  2069 | D:3      | 2069 ||| DROPPING +6 ring of intelligence.
  2070 | D:3      | 2070 ||| READING scroll labelled PACZUO FYLEZUAPAH.
  2071 | D:3      | 2071 ||| READING scroll labelled HAEZICZOOGO.
  2072 | D:3      | 2072 ||| READING scroll labelled XORAEM LY CINTO.
  2166 | D:4      | HP: 7/38 [centaur/arrow (6)]
  2167 | D:4      | 2167 ||| READING 2 scrolls of teleportation.
  2168 | D:4      | Shot with an arrow by a centaur

Levels and vault maps discovered:
D:1:      minmay_arrival_three_doors, layout_rooms
D:2:      minmay_diamond_boxcup, layout_rooms, serial_shops,
          nicolae_lakefront_shop, grunt_ministairs_3,
          minmay_randomly_rotated_circles
D:3:      layout_loops_ring, nicolae_sif_muna_condensation,
          hangedman_decor_slide_cut, goddamned_bats, uniq_terence
D:4:      layout_loops_ring, chequers_temple_overflow_minitemple, uniq_ijyb

Skill      XL: |  1  2  3  4  5 |
---------------+----------------+-----
Ranged Weapons | 5 6 |  6.4
Fighting       | 3 4 |  4.0
Armour         | 1 |  1.6
Dodging        | |  1.5
Stealth        | |  1.1

Action                     |  1- 3 |  4- 6 || total
---------------------------+-------+-------++-------
   Fire: Shortbow          |   110 |   180 ||   290
    Use: Scroll            |     3 |     7 ||    10
         Potion            |       |     3 ||     3
 Armour: Leather armour    |    16 |    88 ||   104
         Ring mail         |       |    91 ||    91
  Dodge: Dodged            |    25 |   176 ||   201

Table legend:
 A = Non-vault XP
 B = Vault XP
 C = Vault XP percentage of total XP
 D = Non-vault monster count
 E = Vault monster count
 F = Vault count percentage of total count
                 A         B        C        D         E       F
            +---------+---------+-------+---------+---------+-------
      Total |     118 |     280 |  70.4 |      50 |      43 |  46.2
            +---------+---------+-------+---------+---------+-------
        D:1 |      53 |       0 |   0.0 |      29 |       0 |   0.0
        D:2 |      52 |      65 |  55.6 |      13 |      22 |  62.9
        D:3 |      13 |     215 |  94.3 |       8 |      21 |  72.4
            +---------+---------+-------+---------+---------+-------
